 Dungeon Crawl Stone Soup version 0.29.0-11-gd7f09526c8 (webtiles) character file.

Game seed: 322221980144617086

18 Woods the Sneak (level 2, -1/13 HPs)
             Began as a Spriggan Enchanter on Sept 2, 2022.
             Slain by a kobold
             ... wielding a +0 whip
              (4 damage)
             ... on level 1 of the Dungeon.
             The game lasted 00:02:29 (914 turns).

Woods the Sneak (Spriggan Enchanter)                 Turns: 914, Time: 00:02:29

Health: -1/13      AC:  2    Str:  4    XL:     2   Next: 48%
Magic:  6/6        EV: 17    Int: 16    God:
Gold:   33         SH:  0    Dex: 15    Spells: 6/6 levels left

rFire   . . .      SeeInvis +   a - +1 dagger
rCold   . . .      Faith    .   (no shield)
rNeg    . . .      Spirit   .   b - +0 robe
rPois   .          Reflect  .   (helmet restricted)
rElec   .          Harm     .   (no cloak)
rCorr   .          Rampage  .   (gloves unavailable)
Will    .....                   (boots unavailable)
Stlth   +++.......              (no amulet)
HPRegen 0.04/turn               (no ring)
MPRegen 0.10/turn               (no ring)

@: very quick
A: very small, no large weapons, unfitting armour, see invisible, speed 3
a: no special abilities


You were on level 1 of the Dungeon.
You visited 1 branch of the dungeon, and saw 1 of its levels.

You collected 33 gold pieces.

Inventory:

Hand Weapons
 a - a +1 dagger (weapon)
Armour
 b - a +0 robe (worn)
Jewellery
 e - a ring of protection from fire
Scrolls
 d - 2 scrolls of noise {unknown}
 h - a scroll of vulnerability {unknown}
 j - a scroll of identify {unknown}
Potions
 c - 2 potions of invisibility
 f - a potion of ambrosia {unknown}
 g - a potion of heal wounds {unknown}
 i - a potion of attraction {unknown}


   Skills:
 + Level 2.1 Short Blades
 - Level 2.6 Dodging
 + Level 5.2 Stealth
 - Level 2.6 Spellcasting
 - Level 3.6 Hexes


You had 6 spell levels left.
You didn't know any spells.
Your spell library contained the following spells:

 Spells                   Type           Power      Damage    Failure   Level
 Confusing Touch          Hex            13%        N/A       13%         3
 Tukima's Dance           Hex            13%        N/A       13%         3
 Ensorcelled Hibernation  Hex/Ice        14%        N/A       14%         2
 Dazzling Flash           Conj/Hex       14%        N/A       28%         3


Dungeon Overview and Level Annotations

Branches:
Dungeon (1/15)

Altars:


Innate Abilities, Weirdness & Mutations

You are very small and have problems with some larger weapons.
You are too small for most types of armour.
You have supernaturally acute eyesight. (SInv)
You cover ground extremely quickly. (Speed+++)


Message History

You see here a bat corpse.
Things that are here:
a +0 hand axe; a hobgoblin corpse
There is a fountain of clear blue water here.
There is an open door here.
There is a staircase leading out of the dungeon here.
There is an open door here.
There is a staircase leading out of the dungeon here.
There is an open door here.
You start resting.
A kobold is nearby!
A kobold is nearby!
A kobold is nearby!
A kobold is nearby!
A kobold is nearby!
A kobold is nearby!
A kobold is nearby!
A goblin comes into view. It is wielding a +0 club.
A kobold comes into view. It is wielding a +0 dagger.
The helpless goblin fails to defend itself.
You impale the goblin!!
You kill the goblin!
You see here a +0 club.
The helpless kobold fails to defend itself.
You impale the kobold!!
You kill the kobold!
You start resting.
A kobold is nearby!
You barely miss the kobold. The kobold closely misses you.
You hit the kobold.
The kobold is heavily wounded.
The kobold hits you with a +0 whip.
* * * LOW HITPOINT WARNING * * *
You barely miss the kobold.
The kobold is heavily wounded.
The kobold closely misses you.
You hit the kobold.
The kobold is severely wounded.
The kobold hits you with a +0 whip.
You die...

#####...###..#
...#..⌠...⌠.# ##
#.#.......K###.
####......#.#.....
#.......###.......
#.#####..####..###
#.# ##.......###
#K# ######.....
#@# #....##..
#.)...............
#.........#####..#
#.#####.. #..##
#.# #. ...## ..# #
##.# .## #. #


You could see a kobold.

Vanquished Creatures
  A bat (D:1)
  2 endoplasms (D:1)
  3 goblins (D:1)
  3 hobgoblins (D:1)
  2 jackals (D:1)
  A kobold (D:1)
  A quokka (D:1)
  A rat (D:1)
14 creatures vanquished.

Notes
Turn   | Place    | Note
-------+----------+-------------------------------------------
     0 | D:1      | Woods the Spriggan Enchanter began the quest for the Orb.
     0 | D:1      | Reached XP level 1. HP: 9/9 MP: 5/5
   601 | D:1      | Reached XP level 2. HP: 11/13 MP: 6/6
   686 | D:1      | Reached skill level 5 in Stealth
   914 | D:1      | Slain by a kobold

Illustrated notes

Levels and vault maps discovered:
D:1:      scummos_arrival_simple_fountains, layout_rooms

Skill      XL: |  1  2 |
---------------+-------+-----
Stealth        | 5 |  5.2
Short Blades   | 2 |  2.1
Dodging        | |  2.6
Spellcasting   | |  2.6
Hexes          | |  3.6

Action                   || total
-------------------------++-------
Melee: Dagger            ||    43
 Stab: Sleeping          ||     5
Armor: Robe              ||     1
Dodge: Dodged            ||    28
